[Event "Team 45 45 League T34"]
[Site "Internet Chess Club"]
[Date "2007.08.14"]
[Round "4"]
[White "wekabird"]
[Black "WzeroMN"]
[Result "0-1"]
[WhiteElo "1211"]
[BlackElo "1215"]
[Opening "English: symmetrical, four knights system"]
[ECO "A34"]
[Time "16:00:48"]
[TimeControl "2700+45"]

1. c4 c5 2. Nc3 Nf6 3. Nf3 Nc6 4. e4 d6 5. h3 e5 6. g3 Be6 7. b3 Nd4 8. Bg2
Nxf3+ 9. Qxf3 Be7 10. O-O O-O 11. d3 Qd7 12. Kh2 Rad8 13. Bg5 Ne8 14. Bxe7 Qxe7
15. Rad1 Nf6 16. Rfe1 Qd7 17. Nd5 Bxd5 18. cxd5 Qb5 19. Qe3 a5 20. Rb1 Qd7 21.
a4 b6 22. f4 Rde8 23. f5 Rb8 24. Qd2 Ra8 25. Qd1 Qd8 26. g4 h6 27. Qc1 Nh7 28.
Re3 Qg5 29. Qe1 Qd8 30. Qg3 Qg5 31. h4 Qf4 32. Qxf4 exf4 33. Rf3 g5 34. hxg5
hxg5 35. Re1 Kg7 36. Kg1 Rh8 37. e5 Rae8 38. e6 fxe6 39. fxe6 Re7 40. Kf2 Nf6
41. Rh3 Rxh3 42. Bxh3 Nxd5 43. Bg2 Nc7 44. Be4 Rxe6 45. Rh1 Rh6 46. Rxh6 Kxh6
47. Bf5 Nd5 48. Kf3 Nc3 49. Bd7 d5 50. Bc8 Kg7 51. Ba6 Kf6 52. Kf2 Ke5 53. Ke1
Na2 54. Kd2 Kd4 55. Ke1 Ke3 56. Kd1 Kf3 57. Kc2 Nb4+ 58. Kc3 Nxa6 59. d4 cxd4+
60. Kxd4 Kxg4 61. Kxd5 f3 {White resigns} 0-1

[Event "Team 45 45 League T34"]
[Site "Internet Chess Club"]
[Date "2007.08.15"]
[Round "4"]
[White "Mitch99"]
[Black "WilmaP"]
[Result "1-0"]
[WhiteElo "1257"]
[BlackElo "1252"]
[Opening "French: advance, Paulsen attack"]
[ECO "C02"]
[Time "11:56:02"]
[TimeControl "2700+45"]

1. e4 e6 2. d4 d5 3. e5 c5 4. c3 Nc6 5. Nf3 Qb6 6. a3 Nge7 7. b4 c4 8. a4 a6 9.
a5 Qc7 10. Ng5 Nf5 11. Bf4 h6 12. Nh3 Be7 13. Be2 O-O 14. O-O Bd7 15. Bg4 Qc8
16. g3 Qd8 17. Bxf5 exf5 18. Qf3 Be6 19. Qh5 Re8 20. f3 b6 21. g4 Kh7 22. gxf5
g6 23. fxg6+ fxg6 24. Qxh6+ Kg8 25. Qxg6+ Kh8 26. Qxe6 Rg8+ 27. Kh1 Qe8 28. Qh6#
{Black checkmated} 1-0

[Event "Team 45 45 League T34"]
[Site "Internet Chess Club"]
[Date "2007.08.08"]
[Round "4"]
[White "scottrugby"]
[Black "kinchknifeblade"]
[Result "0-1"]
[WhiteElo "1458"]
[BlackElo "1216"]
[Opening "Sicilian: closed"]
[ECO "B23"]
[Time "19:55:32"]
[TimeControl "2700+45"]

1. e4 c5 2. Nc3 d6 3. f4 e6 4. Nf3 Nf6 5. Bb5+ Bd7 6. Bc4 Bc6 7. d3 Be7 8. e5
Nd5 9. exd6 Qxd6 10. Bxd5 exd5 11. d4 c4 12. Ne5 O-O 13. Be3 Be8 14. Qd2 f6 15.
Nf3 b5 16. Nh4 Bd7 17. a3 a6 18. Qe2 g5 19. fxg5 fxg5 20. Nf3 h6 21. Ne5 Nc6 22.
Ng6 Qxg6 23. Nxd5 Rf7 24. O-O-O Qe4 25. Nb6 Bg4 26. Qe1 Rd8 27. Rd2 b4 28. Nxc4
b3 29. h3 Bf5 30. g4 Bg6 31. Rf1 Rxf1 32. Qxf1 Rf8 33. Qe2 Qh1+ 34. Rd1 Qxh3 35.
d5 bxc2 36. Re1 Qf3 37. dxc6 Qxe2 38. Rxe2 Rf1+ 39. Kd2 c1=Q# {White checkmated}
0-1

[Event "Team 45 45 League T34"]
[Site "Internet Chess Club"]
[Date "2007.08.10"]
[Round "4"]
[White "knight2f3"]
[Black "CoasterBrake"]
[Result "1-0"]
[WhiteElo "1271"]
[BlackElo "1088"]
[Opening "Queen's pawn game"]
[ECO "D04"]
[Time "10:01:27"]
[TimeControl "2700+45"]

1. d4 d5 2. Nf3 Nf6 3. e3 c6 4. Bd3 Bg4 5. O-O Nbd7 6. Be2 Bxf3 7. Bxf3 e5 8.
Nd2 e4 9. Be2 Bd6 10. c4 Qc7 11. h3 c5 12. cxd5 cxd4 13. exd4 O-O 14. Re1 Nb6
15. f3 Bg3 16. Rf1 Nbxd5 17. Nxe4 Nxe4 18. fxe4 Nf4 19. Bg4 Rad8 20. Qf3 Ne6 21.
d5 Nd4 22. Qd3 Qe5 23. Be3 Ne6 24. Rf5 Qxb2 25. Rb1 Qxa2 26. Rxb7 Qa1+ 27. Rb1
Qa2 28. Bxa7 Qxa7+ 29. Kh1 Qa2 30. Rbf1 Bc7 31. Qc3 Qa6 32. dxe6 fxe6 33. R5f3
Qd6 34. e5 Qxe5 35. Qxe5 Bxe5 36. Bxe6+ Kh8 37. Rxf8+ Rxf8 38. Rxf8# {Black
checkmated} 1-0

[Event "Team 45 45 League T34"]
[Site "Internet Chess Club"]
[Date "2007.08.12"]
[Round "4"]
[White "WCB"]
[Black "chips"]
[Result "1-0"]
[WhiteElo "1000"]
[BlackElo "1146"]
[Opening "Scandinavian (center counter) defense"]
[ECO "B01"]
[Time "18:58:19"]
[TimeControl "2700+45"]

1. e4 d5 2. exd5 Qxd5 3. Nc3 Qe5+ 4. Be2 Nf6 5. d4 Qd6 6. Be3 Qd8 7. Bf4 c6 8.
Nf3 Nbd7 9. O-O e6 10. Re1 Bb4 11. a3 Bxc3 12. bxc3 Ne4 13. Qd3 Nef6 14. Ne5 O-O
15. Bg5 c5 16. Nxd7 Qxd7 17. Bf3 cxd4 18. cxd4 Qd8 19. Be4 g6 20. c3 Rb8 21. Qf3
Kg7 22. Rab1 h6 23. Bxf6+ Qxf6 24. Bxb7 Qxf3 25. Bxf3 Rxb1 26. Rxb1 a6 27. h3
Kf6 28. Rb8 Ke7 29. Be2 g5 30. g3 f6 31. Kg2 Rd8 32. Kf3 Kd6 33. Bxa6 Kc7 34.
Rxc8+ Rxc8 35. Bxc8 Kxc8 36. Ke3 Kc7 37. Kd3 Kc6 38. Kc4 Kb6 39. Kb4 h5 40. c4
f5 41. c5+ Kc6 42. a4 h4 43. gxh4 gxh4 44. a5 Kd5 45. a6 Kxd4 46. a7 e5 47. a8=Q
e4 48. Qd8+ Ke5 49. Qxh4 {Black resigns} 1-0

[Event "Team 45 45 League T34"]
[Site "Internet Chess Club"]
[Date "2007.08.12"]
[Round "4"]
[White "gaboonzoom"]
[Black "CLEAN"]
[Result "1-0"]
[WhiteElo "1211"]
[BlackElo "1124"]
[Opening "Ruy Lopez: Caro variation"]
[ECO "C70"]
[Time "11:01:35"]
[TimeControl "2700+45"]

1. e4 e5 2. Nf3 Nc6 3. Bb5 a6 4. Ba4 b5 5. Bb3 d6 6. Bd5 Bb7 7. c3 Nf6 8. Bb3
Nxe4 9. d3 Nc5 10. Bd5 Ne7 11. Bxb7 Nxb7 12. d4 e4 13. Ng5 d5 14. Bf4 Ng6 15.
Be3 Bd6 16. Nd2 Bf4 17. Bxf4 Nxf4 18. Qg4 Nd3+ 19. Ke2 Nxb2 20. Qf4 O-O 21. Qf5
Nd6 22. Qxh7# {Black checkmated} 1-0

[Event "Team 45 45 League T34"]
[Site "Internet Chess Club"]
[Date "2007.08.13"]
[Round "4"]
[White "tammany"]
[Black "AlterEgo"]
[Result "1-0"]
[WhiteElo "1768"]
[BlackElo "1583"]
[Opening "Sicilian: Kan, Maróczy bind (Réti variation)"]
[ECO "B41"]
[Time "15:00:50"]
[TimeControl "2700+45"]

1. e4 c5 2. Nf3 e6 3. d4 cxd4 4. Nxd4 a6 5. c4 Nf6 6. Nc3 Bc5 7. Be3 Qc7 8. Be2
Nc6 9. Nxe6 dxe6 10. Bxc5 Ne5 11. Qd6 Qxd6 12. Bxd6 Nc6 13. O-O Bd7 14. e5 Ng8
15. Na4 Nge7 16. Nb6 Ra7 17. Rfd1 O-O {Black resigns} 1-0

[Event "Team 45 45 League T34"]
[Site "Internet Chess Club"]
[Date "2007.08.12"]
[Round "4"]
[White "Lionskins"]
[Black "b-spot"]
[Result "0-1"]
[WhiteElo "1402"]
[BlackElo "1619"]
[Opening "Polish (Sokolsky) opening"]
[ECO "A00"]
[Time "11:03:15"]
[TimeControl "2700+45"]

1. b4 Nf6 2. Bb2 e6 3. a3 b6 4. e3 Bb7 5. c4 Be7 6. Nc3 O-O 7. h3 d6 8. Nf3 Nbd7
9. Qc2 Rc8 10. Rg1 c5 11. b5 d5 12. cxd5 Nxd5 13. Ne4 N7f6 14. Nfg5 h6 15. Nxf6+
Nxf6 16. Nf3 Rc7 17. Ne5 Bd6 18. g4 Nd7 19. Nxf7 Rxf7 20. Qg6 Be5 21. g5 hxg5
22. Bd3 Bxb2 23. Qh7+ Kf8 24. Ra2 Qf6 {White resigns} 0-1

[Event "Team 45 45 League T34"]
[Site "Internet Chess Club"]
[Date "2007.08.10"]
[Round "4"]
[White "dougmo"]
[Black "nanning"]
[Result "1-0"]
[WhiteElo "1578"]
[BlackElo "1575"]
[Opening "Scotch gambit: Dubois-Réti defense"]
[ECO "C55"]
[Time "09:03:18"]
[TimeControl "2700+45"]

1. e4 e5 2. Nf3 Nc6 3. d4 exd4 4. Bc4 Nf6 5. e5 Ne4 6. Qe2 Nc5 7. c3 d3 8. Bxd3
Nxd3+ 9. Qxd3 Be7 10. O-O O-O 11. Bf4 f6 12. Qd5+ Kh8 13. Nbd2 fxe5 14. Bxe5 d6
15. Bg3 Rf5 16. Qd3 Bf6 17. Rae1 d5 18. Bxc7 Qd7 19. Qxf5 {Black resigns} 1-0

[Event "Team 45 45 League T34"]
[Site "Internet Chess Club"]
[Date "2007.08.12"]
[Round "4"]
[White "PrincessChess"]
[Black "gagdad"]
[Result "1-0"]
[WhiteElo "1780"]
[BlackElo "1630"]
[Opening "Scandinavian (center counter) defense"]
[ECO "B01"]
[Time "23:46:54"]
[TimeControl "2700+45"]

1. e4 d5 2. exd5 Qxd5 3. Nc3 Qa5 4. Nf3 Nf6 5. Be2 Bf5 6. O-O Nbd7 7. a3 c6 8.
b4 Qc7 9. Bb2 e6 10. Nh4 Bg6 11. Nxg6 hxg6 12. h3 Nh7 13. h4 Ng5 14. g3 Bd6 15.
Kg2 Nh7 16. Rh1 Nhf6 17. h5 gxh5 18. Bxh5 g6 19. Bf3 O-O-O 20. Qe2 Ne5 21. Ne4
Nfd7 22. Nxd6+ Qxd6 23. d3 Rxh1 24. Rxh1 Nxf3 25. Qxf3 Qd5 26. Qxd5 cxd5 27. c4
dxc4 28. dxc4 Nb6 29. c5 Nc4 30. Bc1 Kc7 31. Rh4 Nd2 32. Rh7 Nb3 33. Rxf7+ Rd7
34. Bf4+ Kc6 35. Rf6 Nd4 36. a4 Rg7 37. Be5 Kd5 38. Bxd4 Kxd4 39. Rxe6 Kc4 40.
Re4+ Kb3 41. b5 Rc7 42. b6 axb6 43. cxb6 Rc6 44. a5 Rc5 45. Re7 Rxa5 46. Rxb7
Rb5 47. Rb8 Kc4 48. b7 Kb4 49. Rg8 Rxb7 50. Rxg6 Kc5 51. Rf6 Kd5 52. g4 Ke5 53.
Rf5+ Ke6 54. Kg3 Rg7 55. f3 Rg6 56. Ra5 Kf7 57. f4 Kg8 58. g5 Rg7 59. Kg4 Rf7
60. f5 Rf8 61. g6 Kg7 62. Kg5 Kh8 63. Ra7 Kg8 64. Kh6 Rf6 65. Ra8+ Rf8 66. Rxf8+
{Black resigns} 1-0

[Event "Team 45 45 League T34"]
[Site "Internet Chess Club"]
[Date "2007.08.10"]
[Round "4"]
[White "Codreanou"]
[Black "OrangeKing"]
[Result "0-1"]
[WhiteElo "1692"]
[BlackElo "1792"]
[Opening "Réti opening"]
[ECO "A05"]
[Time "20:07:05"]
[TimeControl "2700+45"]

1. Nf3 Nf6 2. b3 g6 3. Bb2 Bg7 4. g3 O-O 5. Bg2 d5 6. O-O c5 7. d4 cxd4 8. Nxd4
Nc6 9. Nxc6 bxc6 10. Nd2 Re8 11. c4 e5 12. Rc1 Bf5 13. Nf3 Ne4 14. cxd5 cxd5 15.
Nd2 Bh6 16. e3 Nxd2 17. Qxd2 e4 18. Qd4 f6 19. Qxf6 Qxf6 20. Bxf6 Rac8 21. Bb2
Bg7 22. Rxc8 Rxc8 23. Bxg7 Kxg7 {White disconnected and forfeits} 0-1

[Event "Team 45 45 League T34"]
[Site "Internet Chess Club"]
[Date "2007.08.12"]
[Round "4"]
[White "Bedouksofhazzar"]
[Black "mongmong"]
[Result "1-0"]
[WhiteElo "1810"]
[BlackElo "1520"]
[Opening "French: Tarrasch, closed variation"]
[ECO "C05"]
[Time "12:02:32"]
[TimeControl "2700+45"]

1. e4 e6 2. d4 d5 3. Nd2 Nf6 4. e5 Nfd7 5. Ngf3 c5 6. c3 Nc6 7. Bd3 Qb6 8. O-O
cxd4 9. cxd4 Nxd4 10. Nxd4 Qxd4 11. Nf3 Qb6 12. Qc2 Qc5 13. Bxh7 Qxc2 14. Bxc2
g6 15. Re1 b6 16. a3 Be7 17. b4 O-O 18. Nd4 Bb7 19. Ba4 Rfd8 20. Bc6 Rab8 21.
Bd2 Nxe5 22. Bxb7 Rxb7 23. Rxe5 Bf6 24. Bf4 Bxe5 25. Bxe5 a6 26. Rc1 Rdd7 27.
Rc8+ {Black resigns} 1-0

[Event "Team 45 45 League T34"]
[Site "Internet Chess Club"]
[Date "2007.08.09"]
[Round "4"]
[White "pelayo"]
[Black "CSCARChaplain"]
[Result "1-0"]
[WhiteElo "1646"]
[BlackElo "665"]
[Opening "Ruy Lopez: Cozio defense"]
[ECO "C60"]
[Time "18:45:15"]
[TimeControl "2700+45"]

1. e4 e5 2. Nf3 Nc6 3. Bb5 Nge7 4. O-O d6 5. Nc3 Bd7 6. d4 exd4 7. Nxd4 Nxd4 8.
Qxd4 Nc6 9. Qd1 Qf6 10. Nd5 Qd4 11. Nxc7+ Kd8 12. Nxa8 Qxe4 13. Re1 Qb4 14. c4
Na5 15. a3 Qc5 16. b4 Qc8 17. Bxd7 Qxd7 18. bxa5 g6 19. Bf4 Bg7 20. Rb1 Rg8 21.
Bxd6 Bc3 22. Be7+ Ke8 23. Bf6+ Be5 24. Rxe5+ Qe6 25. Qd8# {Black checkmated} 1-0

[Event "Team 45 45 League T34"]
[Site "Internet Chess Club"]
[Date "2007.08.11"]
[Round "4"]
[White "frankd"]
[Black "viking99"]
[Result "0-1"]
[WhiteElo "1691"]
[BlackElo "1876"]
[Opening "French: King's Indian attack"]
[ECO "C00"]
[Time "14:02:28"]
[TimeControl "2700+45"]

1. e4 e6 2. d3 d5 3. Nd2 Nf6 4. Ngf3 dxe4 5. dxe4 Bb4 6. c3 Bc5 7. Bc4 O-O 8.
O-O c6 9. e5 Nd5 10. Ne4 Be7 11. Qc2 Nd7 12. Rd1 Qc7 13. Neg5 g6 14. Qe4 Nc5 15.
Qh4 h5 16. g4 Kg7 17. gxh5 Rh8 18. Qg4 Rxh5 19. Nh3 Bd7 20. Nf4 Nxf4 21. Bxf4
Rah8 22. Rd6 Bxd6 23. exd6 Qd8 24. Be5+ f6 25. Bd4 e5 26. Qg3 exd4 27. cxd4 Ne4
28. Qf4 Ng5 29. Re1 Nxf3+ 30. Qxf3 Re8 {White resigns} 0-1

[Event "Team 45 45 League T34"]
[Site "Internet Chess Club"]
[Date "2007.08.11"]
[Round "4"]
[White "rubashov"]
[Black "quotha"]
[Result "0-1"]
[WhiteElo "1611"]
[BlackElo "1550"]
[Opening "Philidor: exchange variation"]
[ECO "C41"]
[Time "15:56:41"]
[TimeControl "2700+45"]

1. e4 e5 2. Nf3 d6 3. d4 exd4 4. Nxd4 Nf6 5. Nc3 Be7 6. h3 O-O 7. Be3 a6 8. Qd2
c5 9. Nde2 b5 10. f3 Nc6 11. O-O-O Qa5 12. Kb1 Be6 13. Nd5 b4 14. b3 Bxd5 15.
exd5 Na7 16. c4 bxc3 17. Nxc3 Nb5 18. Nxb5 axb5 19. Qxa5 Rxa5 20. g4 Rfa8 21.
Rh2 Nd7 22. f4 Bf6 23. Rc2 g6 24. Bg2 Ra3 25. Rf2 c4 26. Bc1 Rxb3+ 27. Bb2 Rb4
28. Ka1 c3 {White resigns} 0-1

[Event "Team 45 45 League T34"]
[Site "Internet Chess Club"]
[Date "2007.08.14"]
[Round "4"]
[White "jacknor"]
[Black "OOB1"]
[Result "1-0"]
[WhiteElo "1577"]
[BlackElo "1547"]
[Opening "Queen's pawn game"]
[ECO "D04"]
[Time "20:16:57"]
[TimeControl "2700+45"]

1. d4 d5 2. Nf3 Nf6 3. e3 Nc6 4. Nbd2 e6 5. Bd3 Bd6 6. O-O O-O 7. c4 b6 8. Re1
e5 9. e4 dxc4 10. Nxc4 Nxd4 11. Ncxe5 c5 12. Nxd4 cxd4 13. Nc4 Bc7 14. Bg5 h6
15. Bh4 g5 16. Bg3 Bxg3 17. hxg3 Be6 18. e5 Nd7 19. Qe2 Nc5 20. Nd6 Qd7 21. Bb5
Qe7 22. Ne4 Nxe4 23. Qxe4 Rad8 24. Bd3 f5 25. exf6 Bd5 26. Qg6+ {Black resigns}
1-0

[Event "Team 45 45 League T34"]
[Site "Internet Chess Club"]
[Date "2007.08.10"]
[Round "4"]
[White "Mfalme"]
[Black "PRO-CHESS"]
[Result "1/2-1/2"]
[WhiteElo "1318"]
[BlackElo "1525"]
[Opening "Caro-Kann: classical variation"]
[ECO "B18"]
[Time "20:10:58"]
[TimeControl "2700+45"]

1. e4 c6 2. d4 d5 3. Nc3 dxe4 4. Nxe4 Bf5 5. Nc3 e6 6. Nf3 Nf6 7. Nh4 Bg4 8. f3
Bh5 9. g4 Bg6 10. Nxg6 hxg6 11. Bg5 Be7 12. h4 Nd5 13. Bxe7 Kxe7 14. Qd2 Kd7 15.
g5 Na6 16. O-O-O f6 17. f4 fxg5 18. fxg5 Qe7 19. Ne4 b5 20. Qa5 Ndc7 21. Bg2 Qb4
22. Nc5+ Kd6 23. Qxb4 Nxb4 24. a3 Nbd5 25. Rde1 Raf8 26. Be4 Rf4 27. Bxg6 Rxd4
28. Nb7+ Kd7 29. h5 Nf4 30. Bf7 Ke7 31. g6 Rxh5 32. Rhf1 Rg5 33. c3 Ra4 34. Kc2
Na6 35. b3 Rg2+ 36. Kb1 Rxa3 37. Rxf4 Rxb3+ 38. Ka1 Nc7 39. Nc5 Ra3+ 40. Kb1
Rxc3 41. Nxe6 Nxe6 42. Bxe6 Kd6 43. Bf7 a5 44. Re6+ Kc5 45. Rf5+ Kb4 46. Be8 Kb3
47. Rf1 c5 48. Bxb5 a4 49. Be8 Rb2+ 50. Ka1 Ra2+ 51. Kb1 Rb2+ 52. Ka1 Ra2+ 53.
Kb1 Rb2+ 54. Ka1 Ra2+ 55. Kb1 Rb2+ 56. Ka1 Ra2+ 57. Kb1 Rb2+ 58. Ka1 Ra2+ 59.
Kb1 Rb2+ {Game drawn by repetition} 1/2-1/2

[Event "Team 45 45 League T34"]
[Site "Internet Chess Club"]
[Date "2007.08.09"]
[Round "4"]
[White "joshua9"]
[Black "bmw2002"]
[Result "1-0"]
[WhiteElo "1646"]
[BlackElo "1691"]
[Opening "Caro-Kann: Panov-Botvinnik attack"]
[ECO "B13"]
[Time "18:09:43"]
[TimeControl "2700+45"]

1. e4 c6 2. d4 d5 3. exd5 cxd5 4. c4 Nf6 5. Nf3 Bg4 6. c5 Nc6 7. Bb5 Qa5+ 8. Nc3
Ne4 9. Qd3 Bxf3 10. Bxc6+ bxc6 11. Qxf3 Nxc3 12. bxc3 g6 13. O-O Bg7 14. Bf4 O-O
15. Rfe1 Rae8 16. Re2 f6 17. Re6 Qb5 18. Rae1 Rf7 19. h3 a5 20. Bd6 Bf8 21. Qe3
Qb7 22. h4 h6 23. Qd3 Rg7 24. Rxf6 exd6 25. Rxe8 Rf7 26. Qxg6+ Rg7 27. Rfxf8#
{Black checkmated} 1-0

[Event "Team 45 45 League T34"]
[Site "Internet Chess Club"]
[Date "2007.08.12"]
[Round "4"]
[White "Luckydawg"]
[Black "Shereshevsky"]
[Result "1-0"]
[WhiteElo "1712"]
[BlackElo "1466"]
[Opening "English: closed system"]
[ECO "A25"]
[Time "21:33:08"]
[TimeControl "2700+45"]

1. c4 g6 2. g3 Bg7 3. Bg2 e5 4. Nc3 Nc6 5. e4 Nge7 6. Nge2 d6 7. O-O O-O 8. d3
f5 9. Be3 Nd4 10. Qd2 Rb8 11. Bh6 Nec6 12. Bxg7 Kxg7 13. Nxd4 Nxd4 14. Ne2 c5
15. Nxd4 cxd4 16. f4 b6 17. Rae1 Qc7 18. exf5 Bxf5 19. h3 h5 20. Kh2 Rbe8 21.
Be4 Bc8 22. fxe5 dxe5 23. Qg5 Qd6 24. Bd5 Qd7 25. Rxf8 Rxf8 26. Qxe5+ Kh6 27. h4
Qh3+ 28. Kg1 Bf5 29. Qf4+ g5 30. Qxg5+ Kh7 31. Re7+ Kh8 32. Qg7# {Black
checkmated} 1-0

[Event "Team 45 45 League T34"]
[Site "Internet Chess Club"]
[Date "2007.08.13"]
[Round "4"]
[White "MathWorker"]
[Black "kabubi"]
[Result "0-1"]
[WhiteElo "1509"]
[BlackElo "1200"]
[Opening "English, 1...Nf6 (Anglo-Indian defense)"]
[ECO "A15"]
[Time "21:02:00"]
[TimeControl "2700+45"]

1. c4 Nf6 2. g3 e5 3. Bg2 Bc5 4. Nc3 Nc6 5. e3 d6 6. Nge2 Ne7 7. O-O O-O 8. d3
d5 9. cxd5 Nexd5 10. Nxd5 Nxd5 11. d4 exd4 12. Nxd4 c6 13. Nb3 Bb6 14. Bd2 Be6
15. Qc2 Rc8 16. Nc5 Bxc5 17. Qxc5 b6 18. Qc2 Qe7 19. a3 c5 20. Rfd1 Rcd8 21. Be1
Qg5 22. e4 Nf6 23. f4 Qh6 24. Bd2 Qh5 25. e5 Nd5 26. Qe4 Bg4 27. Rf1 Bf5 28. Qf3
Bg4 29. Qf2 Ne7 30. Rad1 Bxd1 31. h3 Qe2 32. Rxd1 Qxd1+ 33. Be1 Nf5 34. Bf3 Qc1
35. g4 Nd4 36. Be4 f6 37. Qh4 Qe3+ 38. Bf2 Qxe4 39. exf6 Rxf6 {White resigns}
0-1

[Event "Team 45 45 League T34"]
[Site "Internet Chess Club"]
[Date "2007.08.11"]
[Round "4"]
[White "A-Ru"]
[Black "chessateer"]
[Result "1-0"]
[WhiteElo "1956"]
[BlackElo "1832"]
[Opening "Queen's pawn game, Rubinstein (Colle-Zukertort) variation"]
[ECO "D05"]
[Time "11:11:27"]
[TimeControl "2700+45"]

1. d4 d5 2. Nf3 Nf6 3. e3 e6 4. Bd3 c5 5. b3 Nc6 6. O-O Bd6 7. Bb2 O-O 8. Nbd2
b6 9. Ne5 Bb7 10. f4 Ne7 11. Qf3 Qc7 12. Qh3 Ne4 13. Ndf3 h6 14. g4 cxd4 15. g5
Nf5 16. Nxd4 Bc5 17. Nxf5 exf5 18. gxh6 f6 19. h7+ Kh8 20. Ng6# {Black
checkmated} 1-0

[Event "Team 45 45 League T34"]
[Site "Internet Chess Club"]
[Date "2007.08.13"]
[Round "4"]
[White "siddhu"]
[Black "ivanson"]
[Result "1/2-1/2"]
[WhiteElo "1800"]
[BlackElo "1884"]
[Opening "Ruy Lopez: Wormald (Alapin) attack"]
[ECO "C77"]
[Time "15:29:42"]
[TimeControl "2700+45"]

1. e4 e5 2. Nf3 Nc6 3. Bb5 a6 4. Ba4 Nf6 5. Qe2 b5 6. Bb3 Be7 7. c3 d6 8. O-O
O-O 9. d3 Na5 10. Bc2 c5 11. b4 cxb4 12. cxb4 Nc6 13. a3 Bg4 14. Be3 d5 15. Nbd2
h6 16. Nb3 d4 17. Bd2 Rc8 18. Rfc1 Qb6 19. Bd1 Rc7 20. Qe1 Rfc8 21. Be2 Nd7 22.
Nfxd4 Nxd4 23. Nxd4 Qxd4 24. Bxg4 Qxd3 25. Qe3 Qd6 26. Rxc7 Rxc7 27. Rc1 Bg5 28.
Rxc7 Bxe3 29. Rxd7 Qxd7 30. Bxd7 Bxd2 31. Bc8 Bc1 32. Bxa6 Bxa3 33. Bxb5 Bxb4
34. Kf1 f6 35. Ke2 Kf7 36. Kd3 Be1 37. f3 Ke7 {Game drawn by mutual agreement}
1/2-1/2

[Event "Team 45 45 League T34"]
[Site "Internet Chess Club"]
[Date "2007.08.12"]
[Round "4"]
[White "HKNIGHT"]
[Black "michaelus"]
[Result "1-0"]
[WhiteElo "1695"]
[BlackElo "1765"]
[Opening "Dutch"]
[ECO "A80"]
[Time "13:15:49"]
[TimeControl "2700+45"]

1. d4 f5 2. e3 Nf6 3. Nf3 g6 4. c4 Bg7 5. Nc3 O-O 6. Be2 d6 7. O-O Qe8 8. Rb1
Nc6 9. b4 e5 10. Nb5 Qe7 11. d5 Nd8 12. Bb2 Nf7 13. c5 a6 14. cxd6 cxd6 15. Nc3
Bd7 16. a4 Rfc8 17. b5 a5 18. Ba3 b6 19. Rc1 Rc7 20. Nd2 Rac8 21. Qb3 g5 22. Na2
Rxc1 23. Rxc1 Rxc1+ 24. Nxc1 Be8 25. Qc2 Qd7 26. Qc6 Qa7 27. Qc8 Nxd5 28. Qxe8+
{Black resigns} 1-0

[Event "Team 45 45 League T34"]
[Site "Internet Chess Club"]
[Date "2007.08.14"]
[Round "4"]
[White "GolferBob"]
[Black "Ernie1"]
[Result "0-1"]
[WhiteElo "1776"]
[BlackElo "1695"]
[Opening "Queen's pawn"]
[ECO "A40"]
[Time "19:33:42"]
[TimeControl "2700+45"]

1. d4 c6 2. Nf3 d5 3. Bf4 Nf6 4. e3 e6 5. Bd3 Bd6 6. Ne5 Qc7 7. Nd2 Nbd7 8. Nxd7
Bxd7 9. Bxd6 Qxd6 10. Nf3 Ng4 11. h3 Nf6 12. Ne5 O-O 13. c3 c5 14. O-O cxd4 15.
exd4 Qb6 16. Qc2 Bb5 17. Rab1 Bxd3 18. Qxd3 Qc7 19. Rfe1 Nd7 20. Qg3 Nxe5 21.
Qxe5 Qxe5 22. Rxe5 Rac8 23. Kf1 Rc6 24. f4 g6 25. Kf2 Ra6 26. a3 b5 27. Rc1 Rc6
28. Ke3 a5 29. Kd2 Rfc8 30. Re3 b4 31. axb4 axb4 32. Ra1 bxc3+ 33. Rxc3 Rxc3 34.
bxc3 Rb8 35. Kc2 Rb7 36. g4 Kg7 37. g5 h6 38. h4 Rb8 39. Ra7 hxg5 40. hxg5 Rh8
41. Kd3 Rh4 42. Ke3 Rh3+ 43. Kd2 Rf3 44. Rc7 Rxf4 45. Kd3 Rf3+ 46. Kd2 Rg3 47.
c4 dxc4 48. Rxc4 Rxg5 49. Kd3 Kf6 50. Rc7 Rd5 51. Ke4 g5 52. Rc8 Ke7 53. Rc7+
Rd7 54. Rc8 f5+ 55. Ke3 Kf6 56. Rg8 g4 57. Rf8+ Rf7 58. Rg8 Rg7 59. Rf8+ Kg5 60.
Re8 Rg6 61. Rf8 Rf6 62. Rg8+ Kh4 63. Kf4 Rh6 64. Rg7 Kh3 65. Rg8 Rh4 66. Ra8 g3+
67. Kf3 g2 68. Ra1 Kh2 {White resigns} 0-1

[Event "Team 45 45 League T34"]
[Site "Internet Chess Club"]
[Date "2007.08.12"]
[Round "4"]
[White "morgado"]
[Black "Razorbackchess"]
[Result "1-0"]
[WhiteElo "1978"]
[BlackElo "1862"]
[Opening "King's Indian: fianchetto, Kavalek (Bronstein) variation"]
[ECO "A00"]
[Time "18:16:57"]
[TimeControl "2700+45"]

1. g3 Nf6 2. Bg2 g6 3. d4 Bg7 4. Nf3 O-O 5. O-O d6 6. c4 c6 7. Nc3 Qa5 8. e4 Bg4
9. h3 Bxf3 10. Bxf3 e5 11. d5 cxd5 12. cxd5 Nbd7 13. a3 Rfc8 14. Bd2 a6 15. b4
Qd8 16. Qb3 h5 17. Bg5 Kh7 18. Rac1 Bh6 19. Bxh6 Kxh6 20. Kg2 Kg7 21. Nb1 b5 22.
Nd2 Rc7 23. Qe3 Rac8 24. Nb3 Rxc1 25. Rxc1 Ne8 26. Na5 Rxc1 27. Qxc1 Qc7 28. Qc6
Kf8 29. Qxa6 Qb6 30. Qa8 Qb8 31. Qc6 Qb6 {Black resigns} 1-0

[Event "Team 45 45 League T34"]
[Site "Internet Chess Club"]
[Date "2007.08.10"]
[Round "4"]
[White "rubo"]
[Black "tourettes"]
[Result "0-1"]
[WhiteElo "1750"]
[BlackElo "1767"]
[Opening "Bird's opening"]
[ECO "A02"]
[Time "14:00:29"]
[TimeControl "2700+45"]

1. f4 Nf6 2. b3 e6 3. Bb2 d5 4. e3 Be7 5. Nf3 O-O 6. Bd3 Nbd7 7. O-O b6 8. Ne5
Nxe5 9. Bxe5 Ne4 10. Rf3 Bf6 11. Nc3 Bxe5 12. fxe5 Bb7 13. Rh3 g6 14. Bxe4 dxe4
15. d4 exd3 16. Qxd3 Qg5 17. e4 Qxe5 18. Rf1 Qc5+ 19. Kh1 Rad8 20. Qe2 a6 21.
Na4 Qe5 22. Re3 b5 23. Nc3 Rd4 24. Rd1 Rxd1+ 25. Qxd1 f5 26. g3 b4 27. Ne2 Bxe4+
28. Kg1 Qd5 29. Qd4 c5 30. Qxd5 exd5 31. Nf4 Kf7 32. h4 d4 33. Re2 Ra8 34. Nd3
Bxd3 35. cxd3 Kf6 36. Kf2 a5 37. Kf3 a4 38. bxa4 Rxa4 39. Rc2 Ra3 40. Ke2 Rc3
41. Rd2 Ke5 42. Kf2 Kd5 43. Ke2 Ke5 44. Kf2 h6 45. Kg2 Kd5 46. Kf2 g5 47. hxg5
hxg5 48. Ke2 c4 49. dxc4+ Kxc4 50. Kf2 d3 51. Ke3 f4+ 52. gxf4 gxf4+ 53. Ke4 f3
54. Kxf3 Rc2 55. Ke3 Rc3 56. Rd1 Ra3 57. Rd2 Kc3 58. Rh2 Ra7 59. Rh4 Re7+ 60.
Kf2 Re2+ 61. Kf3 Rxa2 62. Rh6 b3 63. Rc6+ Kd2 64. Rb6 b2 65. Rb5 Kc2 66. Rc5+
Kb1 67. Ke3 Ka1 68. Kxd3 b1=Q+ 69. Kd4 Qd1+ 70. Ke5 Re2+ 71. Kf5 Qf1+ 72. Kg6
Rg2+ 73. Rg5 Qd3+ 74. Kh6 Rh2+ 75. Kg7 Rh7+ 76. Kf6 Qd6+ 77. Kf5 Rf7+ 78. Kg4
Qf4+ 79. Kh5 Rf5 80. Rxf5 Qxf5+ 81. Kh6 Kb2 82. Kg7 Kc3 83. Kh8 Kd4 84. Kg8 Qe6+
85. Kh7 Ke5 86. Kg7 Kf5 87. Kh8 Qd7 {White resigns} 0-1